 Dungeon Crawl Stone Soup version 0.17-a0-1939-ga475588 (webtiles) character file.

1766 4thArraOfDagon the Contemplative (level 8, -6/70 HPs)
             Began as a Centaur Artificer on Sept 29, 2015.
             Was a Priest of Cheibriados.
             Killed themself with a badly aimed fireball (11 damage)
             ... on level 8 of the Dungeon.
             The game lasted 00:26:44 (4378 turns).

4thArraOfDagon the Contemplative (CeAr)             Turns: 4378, Time: 00:26:44

Health: -6/70      AC:  7    Str: 23    XL:     8   Next: 79%
Magic:  13/13      EV: 12    Int: 21    God:    Cheibriados [***...]
Gold:   133        SH:  0    Dex: 17    Spells: 1 memorised, 5 levels left

rFire  . . .     SeeInvis .     I - +1 spear (vamp)
rCold  . . .     Clarity  .     b - +0 leather armour
rNeg   . . .     SustAt   .     (no shield)
rPois  +         Gourm    .     (no helmet)
rElec  .         Spirit   .     v - +1 cloak
rCorr  .         Warding  .     r - +0 pair of gloves
rMut   .         Stasis   .     (no barding)
MR     .....                    u - amulet of faith
Stlth  ..........               G - ring of poison resistance
                                h - ring of loudness (curse)

@: repel missiles, very slow, not resistant to hostile enchantments, extremely
unstealthy
A: hooves 3, deformed body, speed 2, tough skin 3
a: Bend Time, Temporal Distortion, Renounce Religion


You were on level 8 of the Dungeon.
You worshipped Cheibriados.
Cheibriados was most pleased with you.
You were not hungry.

You visited 2 branches of the dungeon, and saw 9 of its levels.

You collected 153 gold pieces.

Inventory:

Hand weapons
 a - a +0 short sword
 q - a +0 flail
 x - a +0 falchion
 B - a +1 glaive of venom
 D - a +0 blowgun
 H - a +0 trident
 I - a +1 vampiric spear (weapon)
Missiles
 E - 2 poisoned needles
Armour
 b - a +0 leather armour (worn)
 r - a +0 pair of gloves (worn)
 v - a +1 cloak (worn)
Magical staves
 j - an uncursed staff of wizardry {unknown}
Jewellery
 h - a cursed ring of loudness (left hand)
 p - a +4 ring of dexterity
 u - an amulet of faith (around neck)
 G - a ring of poison resistance (right hand)
Magical devices
 c - a wand of flame (0)
 d - a wand of enslavement (0)
 e - a wand of random effects (13)
 t - a wand of enslavement (0)
 C - a wand of slowing (20)
Scrolls
 y - 2 scrolls of blinking
Potions
 g - a potion of beneficial mutation {unknown}
 m - a potion of resistance
 n - 3 potions of flight
 z - a potion of cure mutation {unknown}
 A - 2 potions of degeneration {unknown}
 F - a potion of heal wounds {unknown}
 J - a potion of agility {unknown}
 K - a potion of brilliance
Books
 o - a book of the Warp

   Spells                             Type                      Level
   a - Recall                         Summoning/Translocation      3
   b - Gell's Gravitas                Hexes/Translocation          3
   c - Force Lance                    Conjuration/Translocation    4
   d - Phase Shift                    Translocation                5
   e - Warp Weapon                    Charms/Translocation         5
   f - Summon Forest                  Summoning/Translocation      5
Miscellaneous
 l - a plain deck of wonders {drawn: 3}
Comestibles
 f - a bread ration
 i - 8 chunks of flesh
 s - 3 meat rations


   Skills:
 - Level 6.3 Fighting
 - Level 0.8 Short Blades
 * Level 3.3 Polearms
 - Level 4.1 Dodging
 - Level 0.5 Stealth
 - Level 7.0 Invocations
 - Level 3.2 Evocations


You had 5 spell levels left.
You knew the following spells:

 Your Spells              Type           Power        Failure   Level  Hunger
a - Repel Missiles        Chrm/Air       #.....       30%         2    ###....


Dungeon Overview and Level Annotations

Branches:
Dungeon (8/15)             Temple (1/1) D:7
   Lair: D:8-11

Altars:
Ashenzari
Cheibriados
Gozag
Makhleb
Nemelex Xobeh
Okawaru
Qazlal
Trog
Xom
Yredelemnul

Annotations:
D:4 Appriser's ghost, average DrTm
D:7 Dowan
D:8 Sigmund


Innate Abilities, Weirdness & Mutations

You have hooves in place of feet.
Armour fits poorly on your strangely shaped body.
You cover ground very quickly.
You have extremely tough skin (AC +3).


Message History

You hear a mighty clap of thunder!
The bolt of lightning misses Sigmund.
This wand has 13 charges left.
You hear a shout! x3
You hear a howl!
You hear an angry growl.
Something hits you but does no damage. Something hits you.
* * * LOW HITPOINT WARNING * * *
Unknown command.
Evoke which item? (* to show all) (? for menu, Esc to quit)
Zapping:
e - a wand of random effects (13)
Press: ? - help, Shift-Dir - straight line The fireball explodes!
The fireball engulfs something.
Cheibriados thoroughly appreciates the change of pace.
Cheibriados seems mollified.
Cheibriados restores the support of your attributes.
Reactivating autopickup.
Your Polearms skill increases to level 3!
You feel a bit more experienced.
The fireball engulfs Sigmund.
Sigmund is heavily wounded.
The fireball engulfs you!
You die...

#..........
#..........
#..........
#..........
..........
.....(...
#@.......
#############)###
#.(.....))....@.#
#.###########.#.#
#.# #.#.# #.#####
#.#.# #..[..#
#.#.# ####.##
#...# #)# #####
#[# #.#######


You could see Sigmund.

Vanquished Creatures
  An orc warrior (D:8)
  A sky beast (D:6)
  2 ogres
  A slave (Temple)
  2 phantoms
  2 crocodiles
  2 giant frogs (D:6)
  2 centaurs (D:8)
  A gnoll sergeant (D:6)
  2 scorpions
  A hound (D:4)
  2 crimson imps
  An iguana (D:4)
  2 giant frog skeletons (D:7)
  An orc wizard (D:5)
  3 worker ants
  A killer bee zombie (D:6)
  A hound skeleton (D:6)
  2 adders
  8 gnolls
  2 oozes (D:1)
  A worm (D:4)
  6 giant geckos
  12 orcs
  2 ball pythons
  7 bats
  6 giant cockroaches
  9 hobgoblins
  17 jackals
  11 kobolds
  4 quokkas
  3 giant newts
  6 goblins
  A quokka skeleton (D:6)
  7 rats
132 creatures vanquished.

Vanquished Creatures (collateral kills)
  2 crimson imps (D:6)
  An orc priest (D:8)
  An orc wizard (D:6)
  A gnoll (D:6)
  5 orcs
  A hobgoblin (D:2)
11 creatures vanquished.

Vanquished Creatures (others)
  A giant frog (D:6)
  A scorpion (D:5)
  A worker ant (D:5)
  A jelly (D:5)
  A hound (D:4)
  An orc priest (D:6)
  An orc wizard (D:6)
  2 jackals (D:2)
9 creatures vanquished.

Grand Total: 152 creatures vanquished

Notes
Turn   | Place    | Note
--------------------------------------------------------------
     0 | D:1      | 4thArraOfDagon the Centaur Artificer began the quest for the Orb.
     0 | D:1      | Reached XP level 1. HP: 16/16 MP: 2/2
    28 | D:1      | Reached skill level 3 in Evocations
    29 | D:1      | Reached XP level 2. HP: 12/23 MP: 2/4
   166 | D:2      | Found a sparkling altar of Nemelex Xobeh.
   415 | D:4      | Noticed Appriser's ghost (average DrTm)
   430 | D:5      | Entered Level 5 of the Dungeon
   565 | D:4      | Noticed a scorpion
   571 | D:4      | Reached XP level 3. HP: 19/29 MP: 5/5
   593 | D:5      | Noticed a phantom
   599 | D:5      | Noticed an ice beast
   776 | D:6      | Noticed a sky beast
   792 | D:6      | Killed a sky beast
   792 | D:6      | Reached skill level 4 in Fighting
   792 | D:6      | Reached XP level 4. HP: 29/40 MP: 6/6
   825 | D:6      | Noticed an orc warrior
  1099 | D:6      | Found a snail-covered altar of Cheibriados.
  1116 | D:6      | uhhh
  1116 | D:6      | rly
  1116 | D:6      | Became a worshipper of Cheibriados the Contemplative
  1226 | D:7      | Found a staircase to the Ecumenical Temple.
  1226 | D:7      | Noticed an ogre
  1232 | D:7      | Noticed a slave
  1248 | D:8      | Noticed a crocodile
  1251 | D:8      | Killed a crocodile
  1251 | D:8      | Reached XP level 5. HP: 46/46 MP: 7/7
  1428 | D:6      | Found a snail-covered altar of Cheibriados.
  1486 | D:6      | Noticed a giant frog
  1491 | D:6      | Killed a giant frog
  1491 | D:6      | Reached XP level 6. HP: 29/52 MP: 7/9
  1690 | D:6      | Noticed a giant frog
  1716 | D:6      | a giant frog (ally) was killed
  1738 | D:6      | Reached skill level 5 in Invocations
  1946 | D:6      | Drew Focus: Str increased to 15, Dex decreased to 8
  1956 | D:6      | Reached XP level 7. HP: 40/59 MP: 11/11
  2027 | D:5      | Noticed a scorpion
  2055 | D:4      | Noticed an ogre
  2057 | D:4      | Found an iron altar of Okawaru.
  2293 | D:4      | Noticed an ogre
  2406 | D:3      | Acquired Cheibriados's first power
  2680 | D:1      | Learned a level 2 spell: Repel Missiles
  3086 | D:3      | Found a shattered altar of Ashenzari.
  3092 | D:3      | Acquired Cheibriados's second power
  3114 | D:3      | Found a faded altar to an unknown god.
  3209 | D:3      | Reached skill level 5 in Fighting
  3328 | D:4      | Killed a scorpion
  3345 | D:4      | Killed an ogre
  3366 | D:4      | Reached skill level 6 in Invocations
  3536 | D:5      | a scorpion (ally) was killed
  3556 | D:5      | Reached XP level 8. HP: 36/69 MP: 12/12
  3643 | D:5      | Killed a phantom
  3812 | D:7      | Noticed a slave
  3821 | Temple   | Entered the Ecumenical Temple
  3830 | Temple   | Killed a slave
  3917 | D:7      | HP: 3/70 [ogre/giant club (8)]
  3918 | D:7      | Killed an ogre
  3930 | D:7      | Noticed a slave
  4152 | D:7      | Noticed a crocodile
  4174 | D:7      | Killed a crocodile
  4219 | D:7      | Reached skill level 7 in Invocations
  4225 | D:7      | Noticed Dowan
  4277 | D:8      | Noticed an orc warrior
  4281 | D:8      | Acquired Cheibriados's third power
  4295 | D:8      | Killed an orc warrior
  4327 | D:8      | Noticed a centaur
  4336 | D:8      | Killed a centaur
  4343 | D:8      | Noticed a centaur
  4371 | D:8      | Noticed Sigmund
  4372 | D:8      | Was placed under penance by Cheibriados
  4378 | D:8      | Killed a centaur
  4378 | D:8      | Was forgiven by Cheibriados
  4378 | D:8      | Killed themself with a badly aimed fireball

Vault maps used:
D:1:      ncdulo_lavacross, st_stairs_13, roderic_lattice_a
D:2:      nemelex_deck, item_on_display_a
D:3:      nicolae_overflow_hidden_temple, first_bread, ecumenical_altar_2
D:4:      okawaru_gym_becter, kennysheep_generic_room_16
D:6:      cheibriados_altar_wand_db, basic_altar
D:7:      minmay_temple_entry_butterflies, serial_shops,
          nicolae_shop_statue_plus, grunt_livestock, uniq_pikel, uniq_duvessa
D:8:      overflow_temple_1_default, nicolae_ru_path_of_blood,
          nicolae_two_hexagons, sigmund_army, uniq_grum
Temple:   eino_temple_water_12

Action                   |  1- 3 |  4- 6 |  7- 9 || total
-------------------------+-------+-------+-------++-------
Melee: Short sword       |    48 |       |       ||    48
       Flail             |     8 |    97 |    27 ||   132
       Spear             |       |       |   357 ||   357
       Trident           |       |       |    56 ||    56
 Fire: Blowgun           |       |     2 |       ||     2
Throw: Throwing net      |       |       |     4 ||     4
 Cast: Repel Missiles    |       |       |     1 ||     1
Invok: Temporal Distorti |       |       |     2 ||     2
Evoke: Wand              |    24 |    16 |    25 ||    65
       Deck              |       |     3 |       ||     3
  Use: Scroll            |     2 |     2 |     7 ||    11
       Potion            |       |       |     4 ||     4
 Stab: Paralysed         |     8 |       |       ||     8
       Held in net/web   |       |       |     1 ||     1
  Eat: Chunk             |       |     3 |     6 ||     9
       Bread ration      |       |       |     2 ||     2
       Pizza             |       |       |     1 ||     1
